3015 views
Uploaded 2020-04-04 20:44:13
Game version 1.32.3
19:32 long 1on1on1on1 ladder game on (8)MarketSquare
Saved by SmokeSerpent
3015 views
Uploaded 2020-04-04 20:44:13
Game version 1.32.3
19:32 long 1on1on1on1 ladder game on (8)MarketSquare

60 units @ 5.6k
/ 0.7k
16 buildings @ 3.1k
/ 1.4k



| Lesser Clarity Potion | 6 | 420 |
| Moonstone | 2 | 100 |
| Staff of Preservation | 2 | 300 |
| Potion of Healing | 3 | 450 |
| Potion of Mana | 2 | 400 |
| Orb of Venom | 2 | 650 |
| Anti-magic Potion | 1 | 100 |
| Scroll of Healing | 2 | 500 |
| Scroll of Town Portal | 2 | 700 |
| Potion of Lesser Invulnerability | 1 | 150 |
| total: | 23 | 3770g |
| Wisp | 46 | 2760 | / | 0 |
| Archer | 6 | 780 | / | 60 |
| Druid of the Claw | 3 | 765 | / | 240 |
| Dryad | 2 | 290 | / | 120 |
| Mountain Giant | 3 | 1050 | / | 300 |
| total: | 60 | 5645g | / | 720w |
| Altar of Elders | 1 | 180 | / | 50 |
| Moon Well | 6 | 1080 | / | 240 |
| Ancient of War | 1 | 150 | / | 60 |
| Ancient of Wonders | 2 | 180 | / | 60 |
| Tree of Life | 3 | 1020 | / | 555 |
| Hunter's Hall | 1 | 210 | / | 100 |
| Ancient of Lore | 2 | 310 | / | 290 |
| Tree of Ages | 2 | 640 | / | 360 |
| Tree of Eternity | 3 | 990 | / | 600 |
| total: | 16 | 3130g | / | 1355w |
| 0:03 | Wisp |
| 0:03 | Wisp |
| 0:05 | Altar of Elders |
| 0:19 | Moon Well |
| 0:29 | Ancient of War |
| 0:33 | Wisp |
| 0:33 | Wisp |
| 0:45 | Wisp |
| 0:59 | Wisp |
| 1:05 | Wisp |
| 1:21 | Wisp |
| 1:31 | Archer |
| 1:37 | Moon Well |
| 1:47 | Archer |
| 1:57 | Ancient of Wonders |
| 2:03 | Wisp |
| 2:12 | Fan of Knives |
| 2:59 | Wisp |
| 3:00 | Wisp |
| 3:20 | Blink |
| 3:27 | Tree of Life |
| 3:35 | Wisp |
| 3:40 | Moon Well |
| 4:01 | Tree of Ages |
| 4:02 | Lesser Clarity Potion |
| 4:03 | Lesser Clarity Potion |
| 4:08 | Archer |
| 4:25 | Hunter's Hall |
| 4:35 | Archer |
| 4:41 | Moon Well |
| 4:56 | Archer |
| 5:12 | Lesser Clarity Potion |
| 5:40 | Fan of Knives |
| 5:43 | Archer |
| 5:44 | Wisp |
| 5:44 | Wisp |
| 5:44 | Wisp |
| 6:13 | Wisp |
| 6:25 | Improved Bows |
| 6:48 | Ancient of Lore |
| 6:51 | Ancient of Lore |
| 6:56 | Breath of Fire |
| 7:06 | Wisp |
| 7:06 | Wisp |
| 7:27 | Wisp |
| 7:33 | Tree of Life |
| 7:36 | Wisp |
| 7:48 | Moonstone |
| 7:48 | Lesser Clarity Potion |
| 7:48 | Lesser Clarity Potion |
| 7:52 | Staff of Preservation |
| 7:54 | Potion of Healing |
| 7:55 | Potion of Mana |
| 7:57 | Potion of Healing |
| 8:06 | Druid of the Claw |
| 8:13 | Druid of the Claw Adept Training |
| 8:46 | Drunken Haze |
| 9:15 | Druid of the Claw |
| 9:19 | Tree of Eternity |
| 10:18 | Wisp |
| 10:18 | Wisp |
| 10:18 | Wisp |
| 10:18 | Wisp |
| 10:18 | Wisp |
| 10:35 | Tree of Life |
| 10:43 | Dryad |
| 11:47 | Blink |
| 11:54 | Druid of the Claw Master Training |
| 11:58 | Mountain Giant |
| 11:59 | Wisp |
| 12:01 | Moon Well |
| 12:21 | Potion of Lesser Invulnerability |
| 12:24 | Scroll of Healing |
| 12:28 | Breath of Fire |
| 12:41 | Scroll of Healing |
| 12:53 | Moon Well |
| 12:57 | Hardened Skin |
| 13:14 | Wisp |
| 13:14 | Wisp |
| 13:35 | Lesser Clarity Potion |
| 13:37 | Orb of Venom |
| 13:41 | Scroll of Town Portal |
| 13:51 | Abolish Magic |
| 13:52 | Mark of the Claw |
| 14:01 | Ancient of Wonders |
| 14:03 | Wisp |
| 15:01 | Drunken Brawler |
| 15:03 | Fan of Knives |
| 15:18 | Cluster Rockets |
| 15:42 | Mountain Giant |
| 15:43 | Mountain Giant |
| 15:47 | Scroll of Town Portal |
| 15:49 | Staff of Preservation |
| 15:50 | Potion of Healing |
| 15:52 | Orb of Venom |
| 15:52 | Anti-magic Potion |
| 15:53 | Potion of Mana |
| 15:55 | Moonstone |
| 17:04 | Wisp |
| 17:41 | Wisp |
| 17:42 | Wisp |
| 17:42 | Wisp |
| 17:42 | Wisp |
| 17:43 | Wisp |
| 17:45 | Wisp |
| 17:45 | Wisp |
| 17:45 | Wisp |
| 17:45 | Wisp |
| 17:45 | Wisp |
| 17:50 | Wisp |
| 17:50 | Wisp |
| 17:50 | Wisp |
| 17:54 | Dryad |
| 18:29 | Engineering Upgrade |
| 18:50 | Breath of Fire |
| 19:02 | Druid of the Claw |
| 19:04 | Wisp |
| 19:04 | Wisp |
| 19:04 | Wisp |
| Right click | 999 |
| Select group | 458 |
| Select | 386 |
| Build/train/purchase | 243 |
| Use ability | 133 |
| Assign group | 41 |
| Misc. action | 12 |
| Item give/drop | 6 |
36 units @ 4.7k
/ 0.5k
36 buildings @ 3.5k
/ 1.7k



| Lesser Clarity Potion | 4 | 280 |
| Scroll of Regeneration | 3 | 300 |
| Potion of Healing | 1 | 150 |
| Scroll of Town Portal | 3 | 1050 |
| Scroll of Healing | 2 | 500 |
| Circlet of Nobility | 2 | 350 |
| Potion of Lesser Invulnerability | 2 | 300 |
| total: | 17 | 2930g |
| Peasant | 21 | 1575 | / | 0 |
| Rifleman | 15 | 3075 | / | 450 |
| total: | 36 | 4650g | / | 450w |
| Scout Tower | 14 | 420 | / | 280 |
| Arcane Tower | 3 | 210 | / | 150 |
| Guard Tower | 10 | 700 | / | 500 |
| Altar of Kings | 1 | 180 | / | 50 |
| Barracks | 2 | 320 | / | 120 |
| Farm | 10 | 800 | / | 200 |
| Blacksmith | 1 | 140 | / | 60 |
| Lumber Mill | 1 | 120 | / | 0 |
| Arcane Vault | 1 | 130 | / | 30 |
| Town Hall | 2 | 770 | / | 410 |
| Workshop | 3 | 420 | / | 420 |
| Arcane Sanctum | 1 | 150 | / | 140 |
| Keep | 1 | 320 | / | 210 |
| Castle | 1 | 360 | / | 210 |
| total: | 36 | 3450g | / | 1710w |
| 0:02 | Peasant |
| 0:03 | Peasant |
| 0:07 | Altar of Kings |
| 0:20 | Barracks |
| 0:24 | Farm |
| 0:27 | Peasant |
| 0:40 | Peasant |
| 0:49 | Farm |
| 0:51 | Peasant |
| 1:15 | Peasant |
| 1:45 | Peasant |
| 1:47 | Blacksmith |
| 2:01 | Farm |
| 2:07 | Scout Tower |
| 2:24 | Acid Bomb |
| 2:32 | Lumber Mill |
| 2:38 | Arcane Tower |
| 2:41 | Peasant |
| 2:42 | Peasant |
| 3:00 | Arcane Vault |
| 3:15 | Rifleman |
| 3:15 | Rifleman |
| 3:32 | Rifleman |
| 3:38 | Peasant |
| 3:39 | Peasant |
| 3:49 | Peasant |
| 4:03 | Farm |
| 4:10 | Lesser Clarity Potion |
| 4:10 | Scroll of Regeneration |
| 4:41 | Farm |
| 4:41 | Rifleman |
| 4:42 | Rifleman |
| 4:55 | Rifleman |
| 5:25 | Rifleman |
| 5:50 | Town Hall |
| 6:01 | Chemical Rage |
| 6:25 | Rifleman |
| 6:33 | Chemical Rage |
| 6:49 | Rifleman |
| 7:14 | Scout Tower |
| 7:15 | Peasant |
| 7:16 | Peasant |
| 7:20 | Rifleman |
| 7:23 | Scout Tower |
| 7:26 | Farm |
| 7:55 | Guard Tower |
| 7:56 | Scout Tower |
| 7:58 | Improved Masonry |
| 7:59 | Guard Tower |
| 8:25 | Guard Tower |
| 8:27 | Farm |
| 8:43 | Black Gunpowder |
| 9:10 | Keep |
| 9:11 | Rifleman |
| 9:17 | Barracks |
| 9:30 | Studded Leather Armor |
| 9:33 | Scout Tower |
| 9:52 | Rifleman |
| 10:00 | Guard Tower |
| 10:04 | Scout Tower |
| 10:07 | Scout Tower |
| 10:24 | Farm |
| 10:33 | Arcane Tower |
| 10:38 | Guard Tower |
| 10:39 | Scout Tower |
| 10:41 | Arcane Tower |
| 10:42 | Scout Tower |
| 10:51 | Lesser Clarity Potion |
| 10:52 | Scroll of Regeneration |
| 10:57 | Lesser Clarity Potion |
| 10:57 | Scroll of Regeneration |
| 11:13 | Guard Tower |
| 11:16 | Guard Tower |
| 11:59 | Acid Bomb |
| 12:08 | Castle |
| 12:11 | Long Rifles |
| 12:16 | Peasant |
| 12:16 | Peasant |
| 12:16 | Peasant |
| 12:19 | Improved Lumber Harvesting |
| 12:48 | Workshop |
| 12:54 | Scroll of Town Portal |
| 12:55 | Potion of Healing |
| 13:01 | Storm Bolt |
| 13:09 | Refined Gunpowder |
| 13:26 | Rifleman |
| 13:33 | Circlet of Nobility |
| 13:33 | Potion of Lesser Invulnerability |
| 13:36 | Scroll of Healing |
| 13:43 | Scroll of Town Portal |
| 14:01 | Workshop |
| 14:29 | Thunder Clap |
| 15:06 | Workshop |
| 15:06 | Rifleman |
| 15:09 | Imbued Gunpowder |
| 15:15 | Peasant |
| 15:15 | Peasant |
| 15:19 | Peasant |
| 15:19 | Peasant |
| 15:55 | Blizzard |
| 16:13 | Town Hall |
| 16:14 | Scout Tower |
| 16:16 | Scout Tower |
| 16:19 | Scout Tower |
| 16:31 | Farm |
| 16:40 | Acid Bomb |
| 16:44 | Guard Tower |
| 16:46 | Scout Tower |
| 16:47 | Guard Tower |
| 16:54 | Circlet of Nobility |
| 16:54 | Potion of Lesser Invulnerability |
| 16:55 | Scroll of Town Portal |
| 16:58 | Scroll of Healing |
| 17:20 | Lesser Clarity Potion |
| 17:44 | Brilliance Aura |
| 17:50 | Flak Cannons |
| 17:52 | Farm |
| 17:53 | Rifleman |
| 18:37 | Guard Tower |
| 18:39 | Scout Tower |
| 18:45 | Arcane Sanctum |
| 19:05 | Thunder Clap |
| 19:05 | Thunder Clap |
| Right click | 1027 |
| Select group | 882 |
| Select | 322 |
| Build/train/purchase | 113 |
| Use ability | 36 |
| Assign group | 31 |
| Misc. action | 14 |
| Esc | 3 |
| Item give/drop | 1 |
| Remove unit | 1 |
29 units @ 5k
/ 0.6k
14 buildings @ 2.2k
/ 0.9k


| Lesser Clarity Potion | 5 | 350 |
| Healing Salve | 3 | 300 |
| Orb of Lightning | 1 | 375 |
| Scroll of Speed | 2 | 100 |
| total: | 11 | 1125g |
| Peon | 7 | 525 | / | 0 |
| Grunt | 9 | 1800 | / | 0 |
| Tauren | 6 | 1680 | / | 480 |
| Shaman | 3 | 390 | / | 60 |
| Troll Witch Doctor | 4 | 580 | / | 100 |
| total: | 29 | 4975g | / | 640w |
| Watch Tower | 1 | 110 | / | 80 |
| Altar of Storms | 1 | 180 | / | 50 |
| Orc Burrow | 6 | 960 | / | 240 |
| Barracks | 1 | 180 | / | 50 |
| War Mill | 1 | 205 | / | 0 |
| Voodoo Lounge | 1 | 130 | / | 30 |
| Spirit Lodge | 2 | 300 | / | 300 |
| Tauren Totem | 1 | 135 | / | 155 |
| Stronghold | 1 | 315 | / | 190 |
| Fortress | 1 | 325 | / | 190 |
| total: | 14 | 2200g | / | 905w |
| 0:21 | Peon |
| 0:22 | Peon |
| 0:29 | Altar of Storms |
| 0:36 | Orc Burrow |
| 0:51 | Peon |
| 0:58 | Barracks |
| 1:08 | Peon |
| 1:09 | Peon |
| 1:25 | Peon |
| 1:39 | Peon |
| 1:58 | Orc Burrow |
| 2:02 | Grunt |
| 2:47 | Shockwave |
| 2:55 | War Mill |
| 3:22 | Voodoo Lounge |
| 3:26 | Grunt |
| 3:31 | Orc Burrow |
| 3:48 | Grunt |
| 3:55 | Stronghold |
| 4:16 | Endurance Aura |
| 4:27 | Orc Burrow |
| 4:31 | Steel Armor |
| 4:55 | Grunt |
| 5:43 | Grunt |
| 5:44 | Grunt |
| 5:47 | Watch Tower |
| 5:58 | Lesser Clarity Potion |
| 5:58 | Healing Salve |
| 7:02 | Spirit Lodge |
| 7:06 | Berserker Strength |
| 7:40 | Healing Wave |
| 7:48 | Shockwave |
| 7:54 | Fortress |
| 7:58 | Steel Melee Weapons |
| 8:07 | Tauren Totem |
| 8:27 | Grunt |
| 8:30 | Shaman Adept Training |
| 8:54 | Spirit Lodge |
| 9:36 | Hex |
| 10:10 | Witch Doctor Adept Training |
| 10:24 | Orc Burrow |
| 10:26 | Shaman Master Training |
| 10:32 | Tauren |
| 10:40 | Lesser Clarity Potion |
| 10:40 | Healing Salve |
| 10:41 | Orb of Lightning |
| 11:17 | Witch Doctor Master Training |
| 11:26 | Shaman |
| 11:36 | Scroll of Speed |
| 11:37 | Lesser Clarity Potion |
| 11:46 | Troll Witch Doctor |
| 11:56 | Tauren |
| 12:13 | Orc Burrow |
| 12:52 | Tauren |
| 12:57 | Troll Witch Doctor |
| 13:02 | Shaman |
| 13:44 | Endurance Aura |
| 14:01 | Pulverize |
| 14:05 | Grunt |
| 14:15 | Troll Witch Doctor |
| 14:18 | Shaman |
| 14:22 | Healing Wave |
| 14:39 | Tauren |
| 15:49 | Tauren |
| 15:52 | Thorium Melee Weapons |
| 17:13 | Healing Salve |
| 17:14 | Scroll of Speed |
| 17:15 | Lesser Clarity Potion |
| 17:24 | Grunt |
| 17:26 | Tauren |
| 17:28 | Troll Witch Doctor |
| 17:40 | Lesser Clarity Potion |
| 18:37 | Shockwave |
| Right click | 361 |
| Select | 215 |
| Build/train/purchase | 76 |
| Use ability | 36 |
| Assign group | 14 |
| Select group | 13 |
| Item give/drop | 3 |
/ 0.5k
12 buildings @ 1.9k
/ 0.6k

| Peon | 4 | 300 | / | 0 |
| Troll Headhunter | 7 | 980 | / | 140 |
| Raider | 8 | 1440 | / | 320 |
| Wind Rider | 1 | 265 | / | 40 |
| total: | 20 | 2985g | / | 500w |
| Watch Tower | 1 | 110 | / | 80 |
| Altar of Storms | 1 | 180 | / | 50 |
| War Mill | 1 | 205 | / | 0 |
| Orc Burrow | 7 | 1120 | / | 280 |
| Barracks | 1 | 180 | / | 50 |
| Beastiary | 1 | 145 | / | 140 |
| Stronghold | 1 | 315 | / | 190 |
| Fortress | 1 | 325 | / | 190 |
| total: | 12 | 1940g | / | 600w |
| 0:11 | Altar of Storms |
| 0:23 | War Mill |
| 0:33 | Peon |
| 1:10 | Peon |
| 1:11 | Peon |
| 1:46 | Orc Burrow |
| 1:51 | Orc Burrow |
| 2:44 | Orc Burrow |
| 3:12 | Peon |
| 3:41 | Barracks |
| 3:48 | Feral Spirit |
| 4:13 | Stronghold |
| 5:07 | Troll Headhunter |
| 5:08 | Troll Headhunter |
| 5:09 | Troll Headhunter |
| 6:24 | Troll Headhunter |
| 6:25 | Troll Headhunter |
| 6:37 | Beastiary |
| 7:59 | Raider |
| 8:00 | Raider |
| 8:00 | Raider |
| 8:01 | Raider |
| 8:01 | Raider |
| 8:17 | Troll Regeneration |
| 8:19 | Troll Headhunter |
| 8:19 | Troll Headhunter |
| 9:25 | Wind Rider |
| 9:35 | Orc Burrow |
| 9:41 | Orc Burrow |
| 10:48 | Orc Burrow |
| 10:55 | Watch Tower |
| 11:43 | Fortress |
| 11:51 | Ensnare |
| 12:46 | Raider |
| 12:46 | Raider |
| 12:47 | Raider |
| 13:06 | Chain Lighting |
| 13:55 | Orc Burrow |
| 14:51 | Feral Spirit |
| Right click | 191 |
| Select | 110 |
| Build/train/purchase | 31 |
| Misc. action | 4 |
| Use ability | 1 |
| Esc | 1 |
โ